 Dungeon Crawl Stone Soup version 0.29.1-14-g9c671dbff4 (webtiles) character file.

Game seed: 6453814035742967474

11 Hegel the Trooper (level 2, -2/26 HPs)
             Began as a Minotaur Abyssal Knight on Feb 16, 2023.
             Was a Follower of Lugonu.
             Slain by a hobgoblin (3 damage)
             ... on level 1 of the Dungeon.
             The game lasted 00:03:43 (280 turns).

Hegel the Trooper (Minotaur Abyssal Knight)          Turns: 280, Time: 00:03:44

Health: -2/26      AC:  5    Str: 17    XL:     2   Next: 17%
Magic:  2/2        EV: 10    Int:  7    God:    Lugonu [*.....]
Gold:   23         SH:  0    Dex: 10    Spells: 1/1 levels left

rFire   . . .      SeeInvis .   a - +1 hand axe
rCold   . . .      Faith    .   (no shield)
rNeg    . . .      Spirit   .   e - +0 ring mail
rPois   .          Reflect  .   (helmet restricted)
rElec   .          Harm     .   (no cloak)
rCorr   .          Rampage  .   (no gloves)
Will    .....                   (no boots)
Stlth   ..........              (no amulet)
HPRegen 0.08/turn               (no ring)
MPRegen 0.08/turn               (no ring)

@: no status effects
A: horns 2, retaliatory headbutt
a: Renounce Religion, Depart the Abyss


You were on level 1 of the Dungeon.
You worshipped Lugonu.
Lugonu was aware of your devotion.
You visited 1 branch of the dungeon, and saw 1 of its levels.
You visited the Abyss 1 time.

You collected 23 gold pieces.

Inventory:

Hand Weapons
 a - a +1 hand axe (weapon)
 h - a +0 mace of holy wrath
Armour
 b - a +0 leather armour
 e - a +0 ring mail (worn)
Magical Staves
 f - a staff of fire
Scrolls
 d - a scroll of identify {unknown}
Potions
 c - a potion of degeneration {unknown}
 g - a potion of curing {unknown}


   Skills:
 - Level 3.6 Fighting
 + Level 3.5 Axes
 - Level 2.4 Armour
 - Level 1.1 Dodging
 - Level 1.7 Invocations


You had one spell level left.
You didn't know any spells.
Your spell library contained the following spells:

 Spells                   Type           Power      Damage    Failure   Level
 Sublimation of Blood     Necr           0%         N/A       77%         2
 Anguish                  Hex/Necr       0%         N/A       100%        4
 Simulacrum               Ice/Necr       0%         N/A       100%        6


Dungeon Overview and Level Annotations

Branches:
Dungeon (1/15)

Altars:


Innate Abilities, Weirdness & Mutations

You have a pair of horns on your head.
You reflexively headbutt those who attack you in melee.


Message History

You have reached level 2!
Things that are here:
a +0 spear; a gnoll corpse
Found 12 gold pieces.
You now have 23 gold pieces (gained 12).
Found a stone staircase leading down.
There is a stone staircase leading down here.
A hobgoblin comes into view.
The hobgoblin shouts!
You aren't in the Abyss!
The hobgoblin hits you. The hobgoblin hits you.
The hobgoblin closely misses you. You furiously retaliate!
You headbutt the hobgoblin. The hobgoblin closely misses you.
The hobgoblin barely misses you. The hobgoblin hits you.
* * * LOW HITPOINT WARNING * * *
The hobgoblin barely misses you. The hobgoblin closely misses you.
The hobgoblin hits you but does no damage.
The hobgoblin hits you but does no damage.
The hobgoblin hits you but does no damage.
The hobgoblin hits you but does no damage.
The hobgoblin barely misses you. You furiously retaliate!
You headbutt the hobgoblin, but do no damage.
The hobgoblin hits you but does no damage.
The hobgoblin hits you.
* * * LOW HITPOINT WARNING * * *
The hobgoblin barely misses you. The hobgoblin hits you.
* * * LOW HITPOINT WARNING * * *
The hobgoblin barely misses you. The hobgoblin closely misses you.
The hobgoblin misses you. The hobgoblin closely misses you.
The hobgoblin hits you.
* * * LOW HITPOINT WARNING * * *
The hobgoblin hits you.
You die...

##....#
#.....#
#.....#
#.....#
##...##
##.##
##########.#
#......>...#
#@##########
#g# #.# #.#
#.# #.# #..
###


You could see a hobgoblin.

Vanquished Creatures
  A gnoll (D:1)
  A giant cockroach (D:1)
2 creatures vanquished.

Notes
Turn   | Place    | Note
-------+----------+-------------------------------------------
     0 | Abyss:1  | Hegel the Minotaur Abyssal Knight began the quest for the
                  | Orb.
     0 | Abyss:1  | Reached XP level 1. HP: 19/19 MP: 1/1
    34 | Abyss:1  | Noticed a thrashing horror
    40 | D:1      | Escaped the Abyss
    51 | D:1      | Got Qetaifim's Discourse on Beguiling and Blasphemous
                  | Liturgies
   223 | D:1      | Reached XP level 2. HP: 11/26 MP: 2/2
   279 | D:1      | HP: 1/26 [hobgoblin (2)]
   280 | D:1      | Slain by a hobgoblin

Illustrated notes

Levels and vault maps discovered:
D:1:      lemuel_arrival_room, layout_loops_ring, serial_shops,
          nicolae_shop_behind_doors, shapermc_ecumenical_altar_starsandcircs

Skill      XL: |  1 |
---------------+----+-----
Axes           | 3 |  3.5
Fighting       | |  3.6
Armour         | |  2.4
Dodging        | |  1.1
Invocations    | |  1.7

Action                   || total
-------------------------++-------
Melee: Hand axe          ||     9
       Headbutt          ||     3
Invok: Depart the Abyss  ||     1
Armor: Leather armour    ||     1
       Ring mail         ||     5
Dodge: Dodged            ||    20
